 Dungeon Crawl Stone Soup version 0.31.0-32-g396128a36d (webtiles) character file.

Game seed: 6433737211756746615

356843 Ijustatesigmund the Warrior (level 22, -14/228 (247) HPs)
             Began as an Oni Conjurer on Mar 14, 2024.
             Was a High Priest of Cheibriados.
             Killed from afar by a living spell (25 damage)
             ... with a crystal spear
             ... summoned by a walking crystal tome
             ... in a wizard's laboratory on Mar 20, 2024.
             The game lasted 02:56:55 (78590 turns).

Ijustatesigmund the Warrior (Oni Conjurer)         Turns: 78590, Time: 02:56:56

HP:   -14/228 (247) AC: 25    Str: 31    XL:     22   Next: 35%
MP:   16/45         EV: 11    Int: 43    God:    Cheibriados [*****.]
Gold: 3503          SH:  5    Dex: 15    Spells: 35/59 levels left

rFire   + + +        F - +5 giant spiked club (freeze)
rCold   . . .        (shield currently unavailable)
rNeg    . . .        q - +2 fire dragon scales
rPois   +            d - +2 hat
rElec   .            c - +3 cloak of Weightlessness {rPois Dex-3 SInv}
rCorr   .            (gloves unavailable)
SInv    +            (boots unavailable)
Will    ++...        P - amulet of reflection Stlth
                     I - ring "Buteocw" {+Blink rPois rF+ rC+ Str+3}
HPRegen 0.58/turn    t - +4 ring of protection
MPRegen 0.29/turn

%: reflection
@: mighty, very slightly contaminated, studying 2 skills, drained, very slow
A: large, unfitting armour, horns 1, tough skin 1, double potion healing,
drunken brawling, clever 1, fire resistance 1, wild magic 1
}: 2/15 runes: barnacled, gossamer
a: Renounce Religion, Evoke Blink, Bend Time, Temporal Distortion, Slouch, Step
From Time


You were in a wizard's laboratory.
You worshipped Cheibriados.
Cheibriados was extremely pleased with you.
You visited 9 branches of the dungeon, and saw 37 of its levels.
You visited the Abyss 1 time.
You visited 1 bazaar.
You also visited: Bailey, Gauntlet, Ice Cave and Wizlab.

You collected 6521 gold pieces.
You spent 3018 gold pieces at shops.

Inventory:

Hand Weapons
 F - a +5 giant spiked club of freezing (weapon)
Missiles
 L - 35 large rocks (quivered)
Armour
 c - the +3 cloak of Weightlessness (worn) {rPois Dex-3 SInv}
   (You bought it in a shop on level 7 of the Dungeon)

   Dex-3:     It affects your dexterity (-3).
   rPois:     It protects you from poison SInv: It lets you see invisible.
 d - a +2 hat (worn)
 q - +2 fire dragon scales (worn)
 y - the +1 cloak "Piseps" {rCorr Dex+4 Stlth+}
   (You bought it in a shop in a bazaar)

   Dex+4:     It affects your dexterity (+4).
   rCorr:     It protects you from acid and corrosion.
   Stlth+:    It makes you more stealthy.
 C - a +2 robe of cold resistance
 W - a scarf of resistance
Jewellery
 f - a ring of wizardry
 i - a ring of ice
 l - the ring of Intercession {rPois rC+}
   (You took it off an ironbound preserver on level 1 of the Vaults)

   [ring of poison resistance]

   rC+:       It protects you from cold.
   rPois:     It protects you from poison
 r - the ring "Vorocedd" {^Contam rPois MP+9 Dex+5 Stlth+}
   (You found it in an ice cave)

   [ring of magical power]

   Dex+5:     It affects your dexterity (+5).
   rPois:     It protects you from poison MP+9: It affects your magic capacity
   (+9).
   ^Contam:   It causes magical contamination when unequipped.
   Stlth+:    It makes you more stealthy.
 t - a +4 ring of protection (right hand)
 u - a ring of positive energy
 w - a ring of protection from fire
 B - the ring of Bibbomar {Will+ Dex+2}
   (You took it off a yaktaur captain on level 1 of the Vaults)

   [ring of willpower]

   Dex+2:     It affects your dexterity (+2).
   Will+:     It increases your willpower.
 I - the ring "Buteocw" (left hand) {+Blink rPois rF+ rC+ Str+3}
   (You took it off a minotaur in a Gauntlet)

   [ring of protection from cold]

   Str+3:     It affects your strength (+3).
   rF+:       It protects you from fire.
   rC+:       It protects you from cold.
   rPois:     It protects you from poison +Blink: It lets you blink.
 P - an amulet of reflection (around neck)
 Q - the ring "Ymesassixots" {Str+3 Dex+6 SInv Stlth+}
   (You found it in an ice cave)

   [ring of dexterity]

   Str+3:     It affects your strength (+3).
   Dex+6:     It affects your dexterity (+6).
   SInv:      It lets you see invisible.
   Stlth+:    It makes you more stealthy.
 R - an amulet of regeneration
 U - a +4 ring of slaying
 V - the ring of Juiqick {Fire Int+3}
   (You found it on level 4 of the Shoals)

   [ring of fire]

   Fire:      It enhances your fire magic.
   Int+3:     It affects your intelligence (+3).
   rF+:       It protects you from fire.
   rC-:       It makes you vulnerable to cold.
 Z - a +5 ring of evasion
Talismans
 h - the dragon-blood talisman "Pese" {Will+ Dex+2}
   (You took it off Bai Suzhen on level 3 of the Vaults)

   [dragon-blood talisman]

   Dex+2:     It affects your dexterity (+2).
   Will+:     It increases your willpower.
Wands
 m - a wand of iceblast (6)
 v - a wand of flame (13)
 z - a wand of quicksilver (10)
 A - a wand of polymorph (13)
 D - a wand of charming (6)
 X - a wand of digging (19)
Scrolls
 a - a scroll of vulnerability
 n - 7 scrolls of identify
 p - a scroll of revelation
 x - 7 scrolls of teleportation
 H - 3 scrolls of silence
 J - 5 scrolls of amnesia
 K - 6 scrolls of immolation
 O - 9 scrolls of poison
Potions
 b - 6 potions of magic
 g - a potion of cancellation
 j - 8 potions of mutation
 o - 8 potions of curing
 s - 2 potions of attraction
 G - 4 potions of enlightenment
 M - 4 potions of brilliance
 S - 3 potions of resistance
 T - 4 potions of lignification
Miscellaneous
 k - a lightning rod (4/4)
 N - a phantom mirror
 Y - a condenser vane


   Skills:
 - Level 20.1 Fighting
 - Level 14.3 Maces & Flails
 - Level 4.0 Throwing
 - Level 10.2 Armour
 - Level 6.4 Dodging
 - Level 1.4 Stealth
 - Level 19.3 Spellcasting
 - Level 10.6 Conjurations
 - Level 5.7 Translocations
 - Level 10.7 Fire Magic
 + Level 3.9 Ice Magic
 - Level 10.0 Alchemy
 - Level 19.1 Invocations
 - Level 7.6 Evocations


You had 35 spell levels left.
You knew the following spells:

 Your Spells              Type           Power      Damage    Failure   Level
a - Magic Dart            Conj           100%       1d8       1%          1
b - Searing Ray           Conj           100%       2d8       1%          2
c - Iskenderun's Mystic   Conj/Tloc      98%        2d19      1%          4
d - Blink                 Tloc           100%       N/A       1%          2
e - Irradiate             Conj/Alch      53%        3d29      1%          5
f - Starburst             Conj/Fire      54%        6d15      3%          6
g - Apportation           Tloc           100%       N/A       1%          1
h - Frozen Ramparts       Ice            100%       1d16      1%          3

Your spell library contained the following spells:

 Spells                   Type           Power      Damage    Failure   Level
 Shock                    Conj/Air       100%       1d9       1%          1
 Sting                    Conj/Alch      100%       1d9       1%          1
 Static Discharge         Conj/Air       100%       3-8/arc   1%          2
 Dazzling Flash           Conj/Hex       100%       N/A       1%          3
 Gell's Gravitas          Tloc           87%        N/A       1%          3
 Inner Flame              Hex/Fire       85%        N/A       1%          3
 Teleport Other           Tloc           87%        N/A       1%          3
 Volatile Blastmotes      Fire/Tloc      100%       2d18      1%          3
 Fulminant Prism          Conj/Alch      53%        3d23      1%          4
 Iskenderun's Battlesphe  Conj           100%       2d15      1%          5
 Necrotise                Necr           100%       1d9       2%          1
 Slow                     Hex            100%       N/A       2%          1
 Summon Small Mammal      Summ           100%       N/A       2%          1
 Leda's Liquefaction      Alch/Erth      42%        N/A       2%          4
 Petrify                  Alch/Erth      84%        N/A       2%          4
 Summon Blazeheart Golem  Fire/Summ      85%        N/A       2%          4
 Call Imp                 Summ           100%       N/A       3%          2
 Summon Ice Beast         Ice/Summ       66%        N/A       3%          3
 Call Canine Familiar     Summ           52%        N/A       5%          3
 Confusing Touch          Hex            52%        N/A       5%          3
 Sigil of Binding         Hex            52%        N/A       5%          3
 Swiftness                Air            52%        N/A       5%          3
 Vampiric Draining        Necr           52%        2d9       5%          3
 Dimensional Bullseye     Hex/Tloc       36%        N/A       5%          4
 Sculpt Simulacrum        Ice/Alch       46%        N/A       14%         6
 Airstrike                Air            26%        2d(4-20)  16%         4
 Animate Dead             Necr           52%        N/A       16%         4
 Summon Lightning Spire   Summ/Air       52%        N/A       16%         4
 Orb of Destruction       Conj           53%        9d13      17%         7
 Metabolic Englaciation   Hex/Ice        33%        N/A       21%         5
 Dispersal                Tloc           43%        N/A       22%         6
 Bombard                  Conj/Erth      42%        9d7       26%         6
 Borgnjor's Vile Clutch   Necr/Erth      26%        N/A       38%         5
 Summon Mana Viper        Hex/Summ       52%        N/A       38%         5
 Ignition                 Fire           54%        3d15      73%         8
 Spellforged Servitor     Conj/Summ      42%        N/A       78%         7
 Death Channel            Necr           26%        N/A       90%         6
 Ozocubu's Refrigeration  Ice            39%        4d16      92%         7
 Haunt                    Necr/Summ      26%        N/A       100%        7
 Monstrous Menagerie      Summ           26%        N/A       100%        7
 Borgnjor's Revivificati  Necr           26%        N/A       100%        8
 Maxwell's Capacitive Co  Air            26%        ∞         100%        8
 Chain Lightning          Conj/Air       42%        3d56      100%        9
 Death's Door             Necr           26%        N/A       100%        9
 Fire Storm               Conj/Fire      54%        8d14      100%        9
 Polar Vortex             Ice            39%        12d5*     100%        9
 Shatter                  Erth           26%        3d22*     100%        9


Dungeon Overview and Level Annotations

Branches:
Dungeon (15/15)            Temple (1/1) D:6            Lair (5/5) D:8
 Shoals (4/4) Lair:2       Spider (4/4) Lair:2        Slime (0/5) Lair:4
    Orc (2/2) D:10            Elf (1/3) Orc:2        Vaults (4/5) D:14
  Crypt (0/3) Vaults:3     Depths (1/4) D:15         Bailey (visited)
  IceCv (visited)          WizLab (1/1)             Gauntlet (visited)

Altars:
Ashenzari
Cheibriados
Dithmenos
Elyvilon
Fedhas
Gozag
Hepliaklqana
Kikubaaqudgha
Makhleb
Nemelex Xobeh
Okawaru
Qazlal
Ru
Sif Muna
Trog
Uskayaw
Vehumet
Wu Jian
Xom
Yredelemnul
Zin
The Shining One
Jiyva
Lugonu

Shops:
D:3 :   D:7 [   D:15 =   Orc:1 !*!   Orc:2 [??=*   Shoals:4 =   Vaults:1 [
Vaults:2 !

Portals:
Abyss: Shoals:2
Trove: D:13 (give 13 potions of heal wounds)

Annotations:
Shoals:2 1 runed translucent door
Orc:1 2 transporters, Philosiphyzer's ghost, journeyman TrMo WizLab exclusion: strange machine


Innate Abilities, Weirdness & Mutations

You are too large for most types of armour.
You have a pair of small horns on your head.
You have tough skin. (AC +1)
You gain doubled healing and magic from potions.
Whenever you drink a healing potion, you attack all around you.
Your mind is acute. (Int +4, Str/Dex -1)
Your flesh is heat resistant. (rF+)
Your spells are a little harder to cast, but a little more powerful.


Message History

The walking crystal tome's pages rustle loudly.
The +0 scimitar of flaming hits you.
* * * LOW HITPOINT WARNING * * *
The strange machine gestures at you.
There is a horrible, sudden wrenching feeling in your soul!
The +0 scimitar of flaming hits you.
* * * LOW HITPOINT WARNING * * *
You block the +0 scimitar of flaming's attack.
Unknown command.
Okay, then.
You take a swig of the potion and twirl your +5 giant spiked club of freezing.
You puncture the +0 scimitar of flaming!
You freeze the +0 scimitar of flaming.
Your headbutt misses the +0 scimitar of flaming.
The +0 scimitar of flaming is moderately damaged.
You savour every drop.
You feel better.
The +0 scimitar of flaming hits you but does no damage.
The +0 scimitar of flaming hits you.
* * * LOW HITPOINT WARNING * * *
You take a swig of the potion and twirl your +5 giant spiked club of freezing.
You sock the +0 scimitar of flaming! You freeze the +0 scimitar of flaming.
Your headbutt misses the +0 scimitar of flaming.
The +0 scimitar of flaming is severely damaged.
You savour every drop.
You feel better.
The +0 scimitar of flaming hits you but does no damage.
Unknown command.
You impale the walking crystal tome!! You freeze the walking crystal tome!
The walking crystal tome is moderately damaged.
The +0 scimitar of flaming hits you but does no damage.
The walking crystal tome erupts in a flurry of living spells!
You bludgeon the walking crystal tome!! You freeze the walking crystal tome.
Your headbutt misses the walking crystal tome.
The walking crystal tome is heavily damaged.
The walking crystal tome barely misses you.
The living spell casts itself at you. The crystal spear hits you!!!
* * * LOW HITPOINT WARNING * * *
The living spell casts itself at you. The crystal spear hits you!!
You die...

####::[/[####
#####.....#####
##...........##
.......8.......
###.....###
##...## ##.....#
###.### #..⌠..##
###..@#####...##
##..(;@####..##
##..⌠..###...##
##.*...###..## +
###...####++#
....##(##())..##
.#........)#)..##
..###.....###)..##
..###.....###.).##
##.....###...##


You could see a walking crystal tome, a strange machine, 3 dancing weapons,
Ijustatesigmund's illusion (strong) and a living crystal spell (summoned).

Vanquished Creatures
  Bai Suzhen (Vaults:3)
  A golden dragon (IceCv)
  Jorgrun (Shoals:1)
  A lich (Vaults:4)
  Mlioglotl (Shoals:1)
  Polyphemus (Shoals:3)
  An Executioner (Abyss:4)
  Aizul (Shoals:3)
  2 tengu reavers
  Kirke (Lair:5)
  5 tentacled starspawn
  Roxanne (Shoals:2)
  4 emperor scorpions
  A fire giant (Vaults:3)
  A draconian knight (Abyss:3)
  17 vault wardens
  Ilsuiw (Shoals:2)
  Louise (Shoals:4)
  18 ironbound preservers
  7 ghost moths
  4 broodmothers
  A quicksilver ooze (Gauntlet)
  3 very ugly things
  A stone giant (D:15)
  A vampire knight (Vaults:3)
  5 formless jellyfish
  2 deep elf demonologists
  11 ironbound thunderhulks
  Nessos (Orc:2)
  A deep elf annihilator (Vaults:4)
  A minotaur (Gauntlet)
  A black draconian (Abyss:4)
  A spark wasp (Spider:4)
  A war gargoyle (Vaults:2)
  6 dire elephants
  3 merfolk javelineers (Shoals:4)
  2 ettins
  Josephine (D:14)
  3 crystal guardians
  13 merfolk impalers
  A fire dragon (Lair:5)
  8 entropy weavers
  2 ogre magi
  20 vault guards
  11 yaktaur captains
  6 great orbs of eyes
  5 ice dragons (IceCv)
  5 merfolk avatars
  5 rakshasas
  10 boulder beetles
  5 hydras
  4 peacekeepers
  5 radroaches
  11 ironbound frosthearts
  Erica (Lair:1)
  26 centaur warriors
  2 satyrs
  2 catoblepae
  4 merfolk aquamancers
  2 alligator snapping turtles
  A hell hog (Lair:5)
  3 thrashing horrors
  8 tengu warriors
  9 two-headed ogres
  Urug (Lair:4)
  4 dancing weapons (WizLab)
  9 death yaks
  3 orc high priests (Orc:2)
  9 demonic crawlers
  A soul eater (Abyss:3)
  4 wretched stars
  2 skysharks
  3 pharaoh ants
  58 deep trolls
  11 arcanists
  11 sea snakes
  10 orb spiders
  14 ironbound convokers
  Pikel (D:5)
  A flayed ghost (Abyss:3)
  5 steelbarb worms
  A glowing orange brain (Vaults:3)
  2 phantasmal warriors (Vaults:3)
  A necromancer (Vaults:2)
  6 orc knights
  17 harpies
  2 large abominations
  31 wolf spiders
  10 lindwurms
  A manticore (shapeshifter) (Vaults:2)
  31 ugly things
  8 cyclopes
  7 manticores
  10 fauns
  2 orc sorcerers (Orc:2)
  9 merfolk sirens
  2 moths of wrath
  5 meliai
  4 black mambas
  3 smoke demons
  A water nymph (shapeshifter) (Vaults:2)
  5 water nymphs
  14 vault sentinels
  4 apocalypse crabs
  2 gargoyles
  10 torpor snails
  5 storm dragon simulacra (IceCv)
  10 cane toads
  4 kobold blastminers
  2 naga magi (Vaults:4)
  3 rime drakes
  5 komodo dragons
  Psyche (D:9)
  7 tengu conjurers
  35 yaktaurs
  An efreet (D:14)
  4 red devils
  A freezing wraith (Vaults:1)
  9 trolls
  Grinder (D:3)
  5 starcursed masses (Abyss:3)
  8 hornets
  13 polar bears
  A golden dragon simulacrum (IceCv)
  16 tarantellas
  4 tyrant leeches (Lair:5)
  7 wind drakes
  2 polar bears (shapeshifter)
  26 merfolk
  6 raiju
  25 blink frogs
  25 slime creatures
  7 snapping turtles
  19 jumping spiders
  A vampire (D:11)
  28 culicivoras
  14 water elementals
  45 yaks
  2 shadows
  7 wraiths
  Grum (D:8)
  3 wyverns
  4 hogs (Lair:5)
  A steam dragon (Lair:4)
  14 vampire mosquitoes
  9 wargs
  49 redbacks
  8 basilisks
  2 acid dragons
  16 water moccasins
  19 hell hounds
  14 black bears
  A sky beast (shapeshifter) (D:15)
  An ice beast (D:5)
  20 orc warriors
  A black bear (shapeshifter) (D:14)
  A sky beast (D:7)
  12 ice dragon simulacra (IceCv)
  13 laughing skulls
  4 ogres
  15 boggarts
  18 wolves
  A small abomination (Abyss:3)
  12 centaurs
  2 phantoms (D:4)
  6 kobold brigands
  12 bullfrogs
  A gnoll sergeant (D:6)
  4 scorpions
  18 wights
  3 lindwurm simulacra (IceCv)
  5 howler monkeys
  3 crimson imps (Gauntlet)
  A quasit (Abyss:3)
  A bombardier beetle (D:5)
  2 hounds
  13 orc priests
  A jelly (D:5)
  Jessica (D:2)
  3 iguanas
  14 orc wizards
  A sleepcap (D:6)
  11 gnolls
  9 adders
  A white imp (D:8)
  2 dart slugs
  3 ribbon worms
  75 orcs
  6 endoplasms
  A giant cockroach (D:3)
  14 goblins
  7 hobgoblins
  6 jackals
  33 kobolds
  A quokka (D:3)
  7 ball pythons
  5 bats
  6 frilled lizards
  7 rats
  A starspawn tentacle (Abyss:3)
1494 creatures vanquished.

Vanquished Creatures (collateral kills)
  An ironbound preserver (Vaults:1)
  A merfolk javelineer (Shoals:4)
  A merfolk impaler (Shoals:4)
  A yaktaur captain (Vaults:1)
  A radroach (Spider:4)
  A hell knight (Vaults:1)
  2 arcanists
  An ironbound convoker (Vaults:2)
  A yaktaur (Vaults:1)
  A wind drake (Shoals:4)
  A snapping turtle (Shoals:4)
  2 orc wizards (D:8)
  A gnoll (Bailey)
  An orc (Bailey)
16 creatures vanquished.

Vanquished Creatures (others)
  A frost giant (Shoals:4)
  A troll (D:10)
  A snapping turtle (Shoals:4)
  2 redbacks
  A vampire mosquito (D:12)
  2 wolves
  An orc wizard (Orc:2)
  2 gnolls (Bailey)
  A butterfly (D:6)
  7 starspawn tentacles
19 creatures vanquished.

Grand Total: 1529 creatures vanquished

Notes
Turn   | Place    | Note
-------+----------+-------------------------------------------
     0 | D:1      | Ijustatesigmund the Oni Conjurer began the quest for the
                  | Orb.
     0 | D:1      | Reached XP level 1. HP: 16/16 MP: 3/3
    92 | D:1      | Reached skill level 1 in Fighting
   201 | D:1      | Reached XP level 2. HP: 25/27 MP: 1/5
   374 | D:1      | Reached skill level 2 in Fighting
   464 | D:1      | Reached XP level 3. HP: 35/35 MP: 4/7
   470 | D:1      | Learned a level 2 spell: Searing Ray
   803 | D:1      | You fall into a shaft and drop 1 floor!
  1308 | D:2      | Noticed Jessica
  1320 | D:2      | Killed Jessica
  1321 | D:2      | Reached skill level 3 in Fighting
  1321 | D:2      | Reached XP level 4. HP: 31/45 MP: 3/9
  1706 | D:2      | Found a burning altar of Makhleb.
  2228 | D:3      | Found Yxkaubb's Book Shoppe.
  2404 | D:3      | Noticed Grinder
  2435 | D:3      | Killed Grinder
  2436 | D:3      | Reached skill level 4 in Fighting
  2436 | D:3      | Reached XP level 5. HP: 14/55 MP: 4/12
  2436 | D:3      | Reached XP level 6. HP: 17/65 MP: 4/13
  2939 | D:3      | Reached skill level 5 in Fighting
  3099 | D:4      | Reached skill level 5 in Spellcasting
  3120 | D:4      | Learned a level 4 spell: Iskenderun's Mystic Blast
  3269 | D:4      | Reached XP level 7. HP: 72/72 MP: 14/14
  3531 | D:4      | Identified the +1 mace of Haush {elec, *Rage Dex+4}
  3606 | D:4      | Reached skill level 1 in Maces & Flails
  3606 | D:4      | Reached skill level 1 in Translocations
  3640 | D:4      | Found a hazy altar of Hepliaklqana.
  3685 | D:4      | Found a hide-covered altar of Uskayaw.
  4078 | D:5      | Entered Level 5 of the Dungeon
  4156 | D:5      | Reached skill level 6 in Fighting
  4226 | D:5      | Found a blossoming altar of Fedhas.
  4268 | D:5      | Reached XP level 8. HP: 83/83 MP: 16/16
  4398 | D:5      | Found a glowing silver altar of Zin.
  4526 | D:5      | Noticed Pikel
  4620 | D:5      | Killed Pikel
  4621 | D:5      | Reached skill level 7 in Fighting
  4864 | D:5      | Found an ancient bone altar of Kikubaaqudgha.
  4864 | D:5      | Found a shimmering blue altar of Sif Muna.
  4866 | D:5      | Found a radiant altar of Vehumet.
  4895 | D:5      | Found a shimmering altar of Xom.
  5084 | D:6      | Found a staircase to the Ecumenical Temple.
  5089 | D:6      | Reached XP level 9. HP: 71/94 MP: 19/19
  5098 | D:6      | Reached skill level 8 in Fighting
  5517 | Temple   | Entered the Ecumenical Temple
  5531 | Temple   | Became a worshipper of Cheibriados the Contemplative
  5668 | D:6      | Found a white marble altar of Elyvilon.
  5828 | D:6      | Reached skill level 1 in Invocations
  6393 | D:7      | Reached * piety under Cheibriados
  6648 | D:7      | Reached skill level 5 in Maces & Flails
  7621 | D:7      | Found Luac's Armour Boutique.
  7665 | D:8      | Noticed Grum
  7685 | D:7      | Reached skill level 9 in Fighting
  7697 | D:8      | Killed Grum
  7698 | D:8      | Reached skill level 5 in Translocations
  7698 | D:8      | Reached XP level 10. HP: 48/107 MP: 13/22
  7719 | D:8      | Found a flagged portal.
  7721 | D:8      | Reached ** piety under Cheibriados
  7725 | Bailey   | Entered a bailey
  8849 | D:8      | Identified a scroll of acquirement
  8849 | D:8      | Acquired 1249 gold pieces
  8870 | D:8      | Noticed a death yak
  8870 | D:8      | Noticed a death yak
  8870 | D:8      | Noticed a death yak
  8873 | D:8      | Noticed a death yak
  8875 | D:8      | Noticed a death yak
  8878 | D:8      | Killed a death yak
  8878 | D:8      | Reached *** piety under Cheibriados
  8884 | D:8      | Killed a death yak
  8885 | D:8      | Reached skill level 5 in Invocations
  9146 | D:8      | Found a stormy altar of Qazlal.
  9359 | D:8      | Reached skill level 10 in Fighting
  9422 | D:7      | Killed a death yak
  9661 | D:7      | Bought the +3 cloak of Weightlessness {rPois Dex-3 SInv}
                  | for 400 gold pieces
  9704 | D:7      | Killed a death yak
 10266 | D:8      | Found a staircase to the Lair.
 10299 | D:9      | Killed a death yak
 10300 | D:9      | Reached skill level 5 in Evocations
 10300 | D:9      | Reached XP level 11. HP: 54/117 MP: 4/23
 10907 | D:9      | Noticed a purple ugly thing
 10917 | D:9      | Killed a purple ugly thing
 11141 | D:9      | Noticed Psyche
 11148 | D:9      | Killed Psyche
 11511 | D:9      | Reached **** piety under Cheibriados
 12456 | D:10     | Entered Level 10 of the Dungeon
 12465 | D:10     | Found a staircase to the Orcish Mines.
 13020 | D:10     | Found a burning altar of Makhleb.
 13497 | D:10     | Noticed a two-headed ogre
 13507 | D:10     | Killed a two-headed ogre
 13508 | D:10     | Reached skill level 11 in Fighting
 13809 | D:10     | Found an ornate altar of the Wu Jian Council.
 14204 | D:11     | Noticed a two-headed ogre
 14392 | D:11     | Killed a two-headed ogre
 14393 | D:11     | Reached skill level 10 in Spellcasting
 14455 | D:11     | Found a burning altar of Makhleb.
 14463 | D:11     | Noticed a two-headed ogre
 14475 | D:11     | Killed a two-headed ogre
 14693 | D:11     | Noticed a cyclops
 14697 | D:11     | Killed a cyclops
 14698 | D:11     | Reached XP level 12. HP: 118/132 MP: 26/26
 14879 | D:11     | Reached skill level 12 in Fighting
 14989 | D:11     | Reached ***** piety under Cheibriados
 15226 | D:11     | Noticed a boulder beetle
 15233 | D:11     | Killed a boulder beetle
 15604 | D:11     | Reached skill level 5 in Conjurations
 15689 | D:12     | Reached skill level 1 in Throwing
 15887 | D:12     | Noticed a boulder beetle
 15896 | D:12     | Killed a boulder beetle
 16218 | D:12     | Noticed a boulder beetle
 16242 | D:12     | Reached skill level 13 in Fighting
 16245 | D:12     | Killed a boulder beetle
 17244 | D:13     | Noticed a catoblepas
 17255 | D:13     | Killed a catoblepas
 17726 | D:13     | Reached XP level 13. HP: 105/144 MP: 28/28
 17729 | D:13     | Learned a level 2 spell: Blink
 17817 | D:13     | Noticed a rakshasa
 17826 | D:13     | Killed a rakshasa
 18222 | D:13     | Found a portal to a secret trove of treasure.
 18729 | D:14     | Reached skill level 1 in Armour
 18732 | D:14     | HP: 3/145 [tengu warrior/+1 long sword of electrocution
                  | (6)]
 19429 | D:14     | Reached skill level 10 in Maces & Flails
 19733 | D:14     | Noticed Josephine
 19740 | D:14     | Killed Josephine
 19741 | D:14     | Reached skill level 14 in Fighting
 20009 | D:14     | Noticed a vault guard
 20326 | D:14     | Killed a vault guard
 20574 | D:14     | Found a gate to the Vaults.
 21369 | D:15     | Entered Level 15 of the Dungeon
 21539 | D:15     | Reached XP level 14. HP: 84/157 MP: 30/30
 21800 | D:15     | Learned a level 5 spell: Irradiate
 22573 | D:15     | Found a glowing golden altar of the Shining One.
 22771 | D:15     | Reached skill level 1 in Alchemy
 23516 | D:15     | Reached skill level 15 in Fighting
 24196 | D:15     | Found a shimmering altar of Xom.
 24236 | D:15     | Found Sotoaq's Jewellery Boutique.
 24921 | D:15     | Found a staircase to the Depths.
 24921 | D:15     | Noticed a stone giant
 24929 | D:15     | Killed a stone giant
 25050 | Depths:1 | Entered Level 1 of the Depths
 25065 | Depths:1 | Identified the +2 morningstar of Twilight {elec, *Rage
                  | Int+3 Dex+3}
 25411 | Lair:1   | Entered Level 1 of the Lair of Beasts
 26098 | Lair:1   | Noticed Erica
 26106 | Lair:1   | Killed Erica
 27049 | Lair:2   | Found a staircase to the Shoals.
 27410 | Lair:2   | Found a hole to the Spider Nest.
 28249 | Lair:3   | Reached XP level 15. HP: 152/167 MP: 32/32
 30261 | Lair:4   | Found a viscous altar of Jiyva.
 30261 | Lair:4   | Found a staircase to the Slime Pits.
 30301 | Lair:4   | Reached ****** piety under Cheibriados
 30514 | Lair:4   | Reached skill level 16 in Fighting
 30691 | Lair:4   | Reached skill level 5 in Alchemy
 30972 | Lair:4   | Found a shimmering blue altar of Sif Muna.
 31643 | Lair:4   | Noticed Urug
 31653 | Lair:4   | Killed Urug
 31829 | Lair:5   | Entered Level 5 of the Lair of Beasts
 31851 | Lair:5   | Found a gate leading to a gauntlet.
 31875 | Lair:5   | Noticed Kirke
 31880 | Gauntlet | Entered a Gauntlet
 31880 | Gauntlet | Found a transporter.
 31880 | Gauntlet | Found a transporter.
 31899 | Gauntlet | Found a transporter.
 31899 | Gauntlet | Found a transporter.
 31923 | Gauntlet | Found a transporter.
 31923 | Gauntlet | Found a transporter.
 31948 | Gauntlet | Found a transporter.
 31951 | Gauntlet | Found a transporter.
 31951 | Gauntlet | Found a transporter.
 31975 | Gauntlet | Reached skill level 10 in Invocations
 31986 | Gauntlet | Found a runed translucent door.
 31987 | Gauntlet | Found a transporter.
 31990 | Gauntlet | Found a runed translucent door.
 31992 | Gauntlet | Found a transporter.
 31995 | Gauntlet | Found a transporter.
 32020 | Gauntlet | Identified the amulet "Igiekkaro" {Spirit Str+6 Int+3}
 32112 | Gauntlet | Identified the ring "Buteocw" {+Blink rPois rF+ rC+ Str+3}
 32151 | Lair:5   | Killed Kirke
 34103 | Lair:5   | Reached XP level 16. HP: 82/182 MP: 19/34
 34305 | Lair:5   | Acquired an amulet of reflection
 34644 | Spider:1 | Entered Level 1 of the Spider Nest
 37077 | Spider:2 | Reached skill level 15 in Spellcasting
 37766 | Spider:2 | Reached skill level 5 in Armour
 38814 | Spider:2 | You fall into a shaft and drop 1 floor!
 40765 | Spider:3 | Reached XP level 17. HP: 113/189 MP: 22/37
 41681 | Spider:4 | Entered Level 4 of the Spider Nest
 42897 | Spider:4 | Identified the orb of the Ancient Artisans {light, Dex+2
                  | Fire}
 44826 | Spider:4 | Identified the +0 pair of boots of Vairior {+Inv rC- Int+7}
 44838 | Spider:4 | Got a gossamer rune of Zot
 45105 | Shoals:1 | Entered Level 1 of the Shoals
 45610 | Shoals:1 | Noticed Mlioglotl
 45615 | Shoals:1 | Noticed a bone dragon
 45621 | Shoals:1 | Killed Mlioglotl
 45724 | Shoals:1 | Reached skill level 17 in Fighting
 46208 | Shoals:1 | Noticed Jorgrun
 46217 | Shoals:1 | Killed Jorgrun
 46372 | Shoals:1 | Found a hide-covered altar of Uskayaw.
 46510 | Shoals:1 | Reached skill level 15 in Invocations
 46780 | Shoals:2 | Noticed Ilsuiw
 46799 | Shoals:2 | Killed Ilsuiw
 47382 | Shoals:2 | Reached XP level 18. HP: 201/201 MP: 39/39
 47401 | Shoals:2 | Noticed Roxanne
 47411 | Shoals:2 | Killed Roxanne
 48172 | Shoals:2 | Found a runed translucent door.
 48608 | Shoals:2 | Found a corrupted altar of Lugonu.
 48610 | Shoals:2 | Found a one-way gate to the infinite horrors of the Abyss.
 48629 | Shoals:3 | Identified the serpent talisman "Zunwile" {Int+4}
 48629 | Shoals:3 | Noticed Aizul
 49085 | Shoals:3 | Killed Aizul
 49758 | Shoals:3 | Noticed Polyphemus
 50139 | Shoals:3 | Killed Polyphemus
 51134 | Shoals:4 | Entered Level 4 of the Shoals
 51143 | Shoals:4 | Reached skill level 18 in Fighting
 51178 | Shoals:4 | Noticed Louise
 51215 | Shoals:4 | Found a glacial archway.
 51224 | IceCv    | Entered an ice cave
 52282 | IceCv    | Noticed a golden dragon
 52291 | IceCv    | Killed a golden dragon
 52762 | IceCv    | Identified the ring "Ymesassixots" {Str+3 Dex+6 SInv
                  | Stlth+}
 52782 | IceCv    | Identified the ring "Vorocedd" {^Contam rPois MP+9 Dex+5
                  | Stlth+}
 53157 | Shoals:4 | Identified the +1 chain mail of Anaesthesia {Harm *Corrode
                  | Dex+5 Stlth-}
 53808 | Orc:1    | Entered Level 1 of the Orcish Mines
 53808 | Orc:1    | Found Veckaypn's Distillery.
 54002 | Orc:1    | Bought 2 potions of curing for 72 gold pieces
 54002 | Orc:1    | Bought a potion of invisibility for 96 gold pieces
 54290 | Orc:1    | Found Jeblirphe's Distillery.
 54373 | Orc:1    | Bought a potion of heal wounds for 60 gold pieces
 54373 | Orc:1    | Bought a potion of heal wounds for 60 gold pieces
 54419 | Orc:1    | Found Xuaxzej's General Store.
 54430 | Orc:1    | Bought a scroll of teleportation for 42 gold pieces
 54430 | Orc:1    | Bought a potion of curing for 42 gold pieces
 54430 | Orc:1    | Bought a scroll of summoning for 133 gold pieces
 54430 | Orc:1    | Bought a scroll of summoning for 133 gold pieces
 54484 | Orc:1    | Found a transporter.
 54488 | Orc:1    | Noticed Philosiphyzer's ghost (journeyman TrMo)
 54497 | Orc:1    | Found a transporter.
 54581 | Orc:2    | Entered Level 2 of the Orcish Mines
 54733 | Orc:2    | Found a staircase to the Elven Halls.
 54937 | Orc:2    | Found Jado's General Store.
 54948 | Orc:2    | Found Delutock's Specific Store.
 54954 | Orc:2    | Bought a scroll of silence for 142 gold pieces
 54958 | Orc:2    | Bought a potion of magic for 120 gold pieces
 54999 | Orc:2    | Noticed Nessos
 55005 | Orc:2    | Killed Nessos
 55675 | Orc:2    | Found Diekubur's Armour Shoppe.
 55675 | Orc:2    | Found Kadouth's Magic Scroll Boutique.
 55677 | Orc:2    | Found Lacle's Magic Scroll Shoppe.
 55677 | Orc:2    | Found Quseat's Jewellery Boutique.
 55685 | Orc:2    | Bought a scroll of acquirement for 624 gold pieces
 55685 | Orc:2    | Acquired 819 gold pieces
 55690 | Orc:2    | Bought 2 scrolls of poison for 136 gold pieces
 55690 | Orc:2    | Bought a scroll of teleportation for 51 gold pieces
 55690 | Orc:2    | Bought a scroll of blinking for 127 gold pieces
 55690 | Orc:2    | Bought a scroll of blinking for 127 gold pieces
 55690 | Orc:2    | Bought a scroll of teleportation for 51 gold pieces
 55690 | Orc:2    | Bought a scroll of blinking for 127 gold pieces
 56189 | Shoals:4 | Killed Louise
 56689 | Shoals:4 | Reached XP level 19. HP: 34/214 MP: 9/41
 57423 | Shoals:4 | Got a barnacled rune of Zot
 57513 | Shoals:4 | Reached skill level 19 in Fighting
 57940 | Shoals:4 | Learned a level 6 spell: Starburst
 57984 | Shoals:4 | Found Anua's Jewellery Boutique.
 58248 | Shoals:4 | Reached skill level 1 in Fire Magic
 58475 | Shoals:4 | Identified the ring of Juiqick {Fire Int+3}
 58830 | Shoals:4 | Identified the amulet "Boudgh" {Reflect -Cast Rampage rN+++
                  | Dex+3 SH+5}
 59645 | Vaults:1 | Entered Level 1 of the Vaults
 60341 | Vaults:1 | Found Yriomump's Armour Emporium.
 60352 | Vaults:1 | Identified the ring of Intercession {rPois rC+}
 60352 | Vaults:1 | Identified the ring of Bibbomar {Will+ Dex+2}
 60356 | Vaults:1 | Identified the orb "Kuusuhij" {guile, Conj}
 60825 | Vaults:1 | Identified the amulet of Poufuw {RegenMP Rampage *Slow rC+
                  | Str+5}
 61644 | Vaults:1 | Reached skill level 10 in Armour
 61770 | Vaults:1 | Reached skill level 5 in Fire Magic
 62504 | Vaults:2 | You fall into a shaft and drop 1 floor!
 62877 | Vaults:3 | Reached XP level 20. HP: 190/226 MP: 42/42
 62879 | Vaults:3 | Identified the dragon-blood talisman "Pese" {Will+ Dex+2}
 62879 | Vaults:3 | Noticed Bai Suzhen
 62887 | Vaults:3 | Killed Bai Suzhen
 65108 | Vaults:2 | Found Xule Nua's Distillery.
 68176 | Abyss:3  | Cast into level 3 of the Abyss (vault warden)
 68374 | Abyss:3  | Found a corrupted altar of Lugonu.
 68472 | Abyss:3  | Reached skill level 10 in Alchemy
 68477 | Abyss:3  | Found a corrupted altar of Lugonu.
 68532 | Abyss:3  | HP: 6/206 [black draconian knight/+0 battleaxe (7)]
 68540 | Abyss:3  | HP: 1/209 [titan skeleton (25)]
 68838 | Abyss:3  | Learned a level 1 spell: Apportation
 68887 | Abyss:3  | Reached XP level 21. HP: 90/227 MP: 37/43
 68898 | Abyss:3  | Gained mutation: You are extremely frail. (-30% HP) [a
                  | neqoxec]
 68954 | Abyss:4  | HP: 5/157 [wretched star/lance of force (22)]
 68955 | Abyss:4  | HP: 2/157 [constriction[a tentacled starspawn] (1)]
 69220 | Abyss:4  | HP: 9/183 [Executioner (7)]
 69477 | Vaults:2 | Escaped the Abyss
 69481 | Vaults:2 | HP: 5/187 [large abomination (27)]
 69485 | Vaults:2 | Reached skill level 10 in Fire Magic
 70187 | Vaults:2 | Reached skill level 10 in Conjurations
 70319 | Vaults:2 | Lost mutation: You are frail. (-10% HP) [potion of
                  | mutation]
 70319 | Vaults:2 | Gained mutation: Your mind is acute. (Int +4, Str/Dex -1)
                  | [potion of mutation]
 70319 | Vaults:2 | Gained mutation: Armour fits poorly on your strangely
                  | shaped body. [potion of mutation]
 70319 | Vaults:2 | Gained mutation: You sometimes lose your temper in combat.
                  | [potion of mutation]
 70319 | Vaults:2 | Gained mutation: You have a pair of horns on your head.
                  | [potion of mutation]
 70320 | Vaults:2 | Lost mutation: Armour fits poorly on your strangely shaped
                  | body. [potion of mutation]
 70320 | Vaults:2 | Lost mutation: You sometimes lose your temper in combat.
                  | [potion of mutation]
 70320 | Vaults:2 | Lost mutation: You have a pair of horns on your head.
                  | [potion of mutation]
 70320 | Vaults:2 | Gained mutation: Your spells are a little harder to cast,
                  | but a little more powerful. [potion of mutation]
 70320 | Vaults:2 | Gained mutation: Your flesh is heat resistant. (rF+)
                  | [potion of mutation]
 71471 | Vaults:3 | Found a gateway to a bazaar.
 71477 | Bazaar   | Entered a bazaar
 71477 | Bazaar   | Found Lum Vecs's Antique Armour Shop.
 71477 | Bazaar   | Found Oraevian's Distillery.
 71496 | Bazaar   | Bought a steaming cloak for 152 gold pieces
 71496 | Bazaar   | Identified the +1 cloak "Piseps" {rCorr Dex+4 Stlth+} (You
                  | bought it in a shop in a bazaar)
 71501 | Bazaar   | Found Gowneorph's Antique Weapon Shop.
 71540 | Bazaar   | Bought a potion of curing for 57 gold pieces
 71540 | Bazaar   | Bought a potion of curing for 57 gold pieces
 71540 | Bazaar   | Bought a potion of curing for 57 gold pieces
 71540 | Bazaar   | Bought a potion of heal wounds for 95 gold pieces
 71540 | Bazaar   | Bought a potion of curing for 57 gold pieces
 72954 | Vaults:3 | Found a staircase to the Crypt.
 73431 | Vaults:3 | Identified the +4 scimitar "Vestroky" {pain, Str+3}
 73778 | Vaults:4 | HP: 11/234 [tengu reaver/bolt of cold (37)]
 74503 | Vaults:4 | Reached skill level 5 in Dodging
 75306 | Vaults:4 | Reached XP level 22. HP: 18/245 MP: 15/45
 76667 | Vaults:4 | Reached skill level 20 in Fighting
 76710 | Vaults:4 | Identified the +0 robe of Dekev {Int+4}
 77523 | Vaults:4 | Identified the +0 hat of a bazaar {Rampage rF- Str+8 Int-4}
 77532 | Vaults:4 | Found a radiant altar of Vehumet.
 77533 | Vaults:4 | Found the +3 robe of Clouds {*Thunder rCloud rElec}
 77546 | Vaults:4 | Identified the +1 robe of Freedom {Str+3 Slay+4}
 77550 | Vaults:4 | Identified the +1 hat of the Gate {Str+2}
 77763 | Vaults:4 | Learned a level 3 spell: Frozen Ramparts
 78013 | Elf:1    | Entered Level 1 of the Elven Halls
 78079 | Elf:1    | Found a magical portal.
 78160 | WizLab   | Entered Tukima's Studio
 78180 | WizLab   | Reached skill level 1 in Ice Magic
 78567 | WizLab   | Noticed Ijustatesigmund's illusion
 78569 | WizLab   | Found the +3 pair of seven-league boots {Rampage+∞}
 78580 | WizLab   | Noticed Ijustatesigmund's illusion
 78586 | WizLab   | Noticed Ijustatesigmund's illusion
 78590 | WizLab   | HP: 11/228 [living spell/crystal spear[a walking crystal
                  | tome] (51)]
 78590 | WizLab   | Killed from afar by a living spell

Illustrated notes

Levels and vault maps discovered:
D:1:      dpeg_arrival_simpleton_c, layout_rooms
D:2:      layout_basic, basic_altar, uniq_jessica
D:3:      layout_basic, serial_shops,
          nicolae_shop_temple_entry_statues_fountains, uniq_grinder
D:4:      layout_basic, nicolae_hepliaklqana_hippocampus,
          nicolae_uskayaw_dance_hall, serial_library_hellmonk_room_b
D:5:      layout_rooms, grunt_temple_overflow_magic_moments, zin_scriptorium,
          fedhas_altar_3, lemuel_doored_altar, uniq_pikel
D:6:      layout_basic, nicolae_elyvilon_peaceful_grove,
          minmay_temple_entry_fiery, chequers_serial_rivers_micro_e
D:7:      layout_basic, serial_shops, shop_fountains, dk_vineyard_3,
          minmay_stone_trees_small, minmay_fountain_box
D:8:      layout_basic, grunt_qazlal_clouds, dpeg_lair_monsters, enter_bailey_4,
          uniq_grum
D:9:      layout_layer_cave, uniq_psyche
D:10:     layout_basic, amcnicky_altar_gilded, nicolae_wu_jian_wuxing_cycle,
          lemuel_flamethrower_hall
D:11:     layout_loops_ring, bloody_makhleb
D:12:     layout_roguey, serial_curves, eino_curves_04, eino_curves_03
D:13:     layout_basic, nicolae_trove_entry_diagonal,
          dreamdust_princess_corridor, minmay_misc_feat_roman
D:14:     layout_irregular_city, david_vaults_5, grunt_decor_mini_mirrors,
          minmay_crystal_room, uniq_josephine
D:15:     grunt_enter_depths_snipers, layout_small_grid, serial_shops,
          nicolae_shop_gaudy_bauble, regret_index_xom_buried_treasure,
          nicolae_tso_swordbearing_angel
Temple:   hellmonk_temple_rainy
Lair:1:   layout_layer_cave, uniq_erica
Lair:2:   layout_gridlike, elwin_shoals_entry_rocks,
          nicolae_spider_entry_lesser_pyramids, cheibrodos_lair_reptile_den,
          infiniplex_staircase_pool_2
Lair:3:   layout_layer_cave
Lair:4:   dreamdust_cave_troll, layout_gridlike, dpeg_slime_entry_corner,
          basic_altar, grunt_megastairs_5, uniq_urug
Lair:5:   hangedman_lair_caniforms_friends, layout_long_grid, wormcave,
          gauntlet_entry_generic, uniq_kirke
Shoals:1: layout_shoals, lemuel_altar_in_water, uniq_jorgrun, uniq_mlioglotl
Shoals:2: layout_shoals, nicolae_shoals_abyss_on_the_beach, uniq_roxanne,
          uniq_ilsuiw
Shoals:3: layout_shoals, centaur_isle, uniq_polyphemus, uniq_aizul
Shoals:4: shoals_end_grunt_ice, layout_shoals, shoal_ilsuiw,
          portal_ice_cave_entry_pillars_2, serial_shops,
          nicolae_shop_real_fake_doors, uniq_louise
Spider:1: layout_chambers
Spider:2: layout_cave_pods
Spider:3: layout_spider_delve
Spider:4: grunt_spider_rune_parallel
Orc:1:    layout_caves, serial_shops, shop, nicolae_shop_hallway_plus,
          nicolae_shop_industrial_runoff, gammafunk_ghost_arena
Orc:2:    grunt_orc_tribal_feast, layout_diamond_mine, nicolae_specific_store,
          einodemon_armed_red_devil_minivault, uniq_nessos
Elf:1:    layout_geoelf_grid, serial_shops, nicolae_shop_bloodbath_and_beyond,
          lightli_enter_wizlab_magi_temple, minmay_elf_necromancy, uniq_frances,
          uniq_agnes
Vaults:1: v_misc_19, ontoclasm_vaults_shuriken, nicolae_vaults_diamond_2,
          v_misc_12, v_misc_26, nicolae_vaults_storing_the_good_stuff,
          v_misc_12, vaults_room_door_hall, vaults_room_fours,
          layout_vaults_maze_bifur, serial_shops, shop
Vaults:2: vaults_mumra_minichess, vaults_room_octagon, v_misc_10,
          grunt_vaults_trifunnel, ontoclasm_vaults_idyll, v_alt_pattern_5,
          nicolae_vaults_theta, st_octagons_1, hangedman_vaults_river_flow,
          nicolae_vaults_house_3, nicolae_vaults_trapezoid_1,
          vaults_standard_mumra_lines, nicolae_vaults_house_3,
          vaults_dpeg_cross, nicolae_vaults_trapezoid_lopsided_1,
          nicolae_vaults_diagonal_hallway_7, layout_vaults_omnibox,
          serial_shops, nicolae_shop_tiny_real_fake_doors
Vaults:3: hangedman_vaults_pinch, nicolae_vaults_doubleplus_tesselated,
          nicolae_vaults_ellipses_ellipsis, nicolae_vaults_closet_pinwheel_3,
          minmay_crypt_entry_simple_plaza, vaults_mumra_hex,
          hangedman_vaults_restitches, nicolae_vaults_tetromino_Z_2,
          vaults_room_pool, vaults_room_pool, layout_vaults_chaotic_city,
          serial_shops, bzr_entry_dummy, uniq_bai_suzhen
Vaults:4: nicolae_vaults_closet_pinwheel_3, ontoclasm_vaults_hangar,
          grunt_tower_of_power, hangedman_vaults_capsules,
          nicolae_vaults_weapon_check, nicolae_vaults_border_crossing,
          v_rooms_4, nicolae_vaults_tetromino_L_2, nicolae_vaults_shelves_hall,
          layout_vaults_quadrants
Depths:1: layout_gridlike, grunt_mini_vestibule, hangedman_abyss_or_decor_stabs,
          nicolae_nh_oracle_at_delphi, minmay_shop_grove
WizLab:   wizlab_tukima

Skill      XL: |  1  2  3  4  5  6  7  8  9 10 11 12 13 14 15 16 17 18 19 20 21 22 |
---------------+-------------------------------------------------------------------+-----
Fighting       | 1 2 3 4 5 6 7 9 10 11 13 14 15 16 17 18 19 20 | 20.1
Spellcasting   | 3 4 5 7 8 10 11 12 13 14 16 17 18 19 | 19.3
Conjurations   | 4 6 7 9 10 | 10.6
Maces & Flails | 2 4 5 6 8 9 10 11 12 13 14 | 14.3
Translocations | 2 3 5 |  5.7
Invocations    | 3 5 6 9 10 13 15 16 18 19 | 19.1
Evocations     | 5 6 7 |  7.6
Throwing       | 3 4 |  4.0
Dodging        | 3 5 6 |  6.4
Armour         | 3 6 8 10 | 10.2
Alchemy        | 4 6 10 | 10.0
Fire Magic     | 6 9 10 | 10.7
Ice Magic      | 3 |  3.9
Stealth        | |  1.4

Action                     |  1- 3 |  4- 6 |  7- 9 | 10-12 | 13-15 | 16-18 | 19-21 | 22-24 || total
---------------------------+-------+-------+-------+-------+-------+-------+-------+-------++-------
  Melee: Dagger            |    34 |       |       |       |       |       |       |       ||    34
         Headbutt          |     6 |     5 |    11 |    52 |   146 |   243 |   234 |    24 ||   721
         Hand axe          |       |    53 |    87 |    11 |       |       |       |       ||   151
         Punch             |       |     2 |       |       |       |       |       |       ||     2
         Giant club        |       |       |       |   211 |   292 |       |       |       ||   503
         Giant spiked club |       |       |       |       |   313 |   902 |   813 |    79 ||  2107
         Unarmed           |       |       |       |       |       |       |    20 |       ||    20
  Throw: Large rock        |       |       |       |    11 |    56 |    64 |     7 |    32 ||   170
   Cast: Magic Dart        |    56 |    39 |   106 |    49 |    14 |    15 |     9 |       ||   288
         Searing Ray       |     2 |     3 |    21 |    21 |     3 |     1 |     1 |       ||    52
         Iskenderun's Myst |       |       |    11 |    74 |    59 |   106 |    60 |     9 ||   319
         Irradiate         |       |       |       |       |    18 |    40 |    47 |     7 ||   112
         Blink             |       |       |       |       |     1 |     2 |     3 |       ||     6
         Starburst         |       |       |       |       |       |       |    10 |     8 ||    18
         Frozen Ramparts   |       |       |       |       |       |       |       |     1 ||     1
 Invoke: Slouch            |       |       |       |     1 |     6 |    20 |    13 |     3 ||    43
         Step From Time    |       |       |       |       |       |     4 |     4 |     1 ||     9
         Temporal Distorti |       |       |       |       |       |       |     1 |       ||     1
         Bend Time         |       |       |       |       |       |       |     1 |       ||     1
  Evoke: Wand              |       |       |       |    28 |     7 |    60 |    31 |     1 ||   127
         Lightning rod     |       |       |       |       |       |       |     3 |       ||     3
    Use: Potion            |       |     2 |     1 |     4 |     4 |    21 |    22 |     4 ||    58
         Scroll            |       |       |    10 |    15 |     9 |    23 |    23 |     5 ||    85
   Stab: Sleeping          |       |     1 |       |     4 |     4 |       |       |       ||     9
         Petrified         |       |       |       |       |       |     1 |       |       ||     1
         Distracted        |       |       |       |       |       |       |     1 |       ||     1
         Invisible         |       |       |       |       |       |       |     1 |       ||     1
         Confused          |       |       |       |       |       |       |     2 |       ||     2
 Armour: Robe              |    34 |    40 |   153 |   425 |   961 |   159 |       |       ||  1772
         Fire dragon scale |       |       |       |       |       |  1796 |  1270 |   174 ||  3240
         Skin              |       |       |       |       |       |       |    14 |       ||    14
  Dodge: Dodged            |    16 |    23 |    63 |   250 |   632 |   733 |   473 |    59 ||  2249
  Block: Other             |       |       |       |       |       |   315 |   203 |    32 ||   550
         Reflection        |       |       |       |       |       |    28 |    19 |     9 ||    56
